 Dungeon Crawl Stone Soup version 0.20-a0-274-g7b51309 (webtiles) character file.

264 AlphabetPasta the Chiller (level 5, -1/35 HPs)
             Began as a Vampire Ice Elementalist on Dec 13, 2016.
             Slain by a bullfrog (6 damage)
             ... in a sewer.
             The game lasted 00:20:58 (3196 turns).

AlphabetPasta the Chiller (VpIE)                    Turns: 3196, Time: 00:20:59

Health: -1/35      AC:  4    Str:  7    XL:     5   Next: 98%
Magic:  4/10       EV: 13    Int: 18    God:
Gold:   156        SH:  0    Dex: 15    Spells: 5/11 levels left

rFire  . . .     SeeInvis +     e - +1 dagger
rCold  + + .     Gourm    .     a - +0 robe
rNeg   + + +     Faith    .     (no shield)
rPois  ∞         Spirit   .     (no helmet)
rElec  .         Reflect  .     (no cloak)
rCorr  .         Harm     .     k - +1 pair of gloves
MR     .....                    (no boots)
Stlth  +++++.....               (no amulet)
                                j - ring of flight
                                d - ring of poison resistance

@: flying, bloodless, non-regenerating
A: fangs 3, see invisible, unbreathing
a: Bat Form


You were in a sewer.
You were bloodless.

You visited 1 branch of the dungeon, and saw 3 of its levels.
You also visited: Sewer.

You collected 156 gold pieces.

Inventory:

Hand Weapons
 e - a +1 dagger (weapon)
Armour
 a - a +0 robe (worn)
 k - a +1 pair of gloves (worn)
Jewellery
 d - a ring of poison resistance (left hand)
 j - a ring of flight (right hand)
Wands
 m - a wand of polymorph (11/24)
Scrolls
 f - a scroll of remove curse
 g - a scroll of identify
 h - a scroll of immolation
 i - 3 scrolls of enchant weapon
Potions
 c - 22 potions of blood
Books
 b - a book of Frost

   Spells                             Type                      Level
   a - Freeze                         Ice                          1
   b - Throw Frost                    Conjuration/Ice              2
   c - Ozocubu's Armour               Charms/Ice                   3
   d - Throw Icicle                   Conjuration/Ice              4
   e - Summon Ice Beast               Ice/Summoning                4


   Skills:
 - Level 2.1 Short Blades
 - Level 2.1 Dodging
 + Level 4.5 Stealth
 + Level 3.5 Spellcasting
 - Level 0.6 Conjurations
 * Level 4.9 Ice Magic


You had 5 spell levels left.
You knew the following spells:

 Your Spells              Type           Power        Failure   Level  Hunger
a - Freeze                Ice            ###.         1%          1    None
b - Throw Frost           Conj/Ice       ##....       10%         2    ##.....
c - Ozocubu's Armour      Chrm/Ice       ##......     21%         3    ###....


Dungeon Overview and Level Annotations

Branches:
Dungeon (3/15)

Altars:
The Shining One


Innate Abilities, Weirdness & Mutations

You do not heal naturally.
You are immune to poison.
You have razor-sharp teeth.
You have supernaturally acute eyesight. (SInv)
You can survive without breathing.


Message History

Casting: Freeze
Confirm with . or Enter, or press ? or * to list all spells.
Aiming: Freeze
Press: ? - help, Shift-Dir - straight line, p - bullfrog There's nothing close enough!
The bullfrog is no longer moving slowly.
The bullfrog hits you.
* * * LOW HITPOINT WARNING * * *
The leopard gecko barely misses you.
Okay, then.
You feel very buoyant.
You fly up into the air.
The bullfrog hits you but does no damage.
The leopard gecko barely misses you. The bullfrog closely misses you.
The bullfrog releases a deep croak.
The bullfrog hits you but does no damage.
The bullfrog completely misses you.
You see here a frilled lizard skeleton.
The bullfrog hits you.
You die...

#≈.#≈..##≈≈≈.≈###≈#######
≈≈≈#≈.##≈≈≈≈≈≈≈≈###≈≈.≈≈#
..##.≈#≈≈..≈≈.≈≈l.#.≈≈≈≈#
≈≈#.≈##≈...≈.≈##.s#≈≈≈≈≈#
≈≈#≈≈# ≈.(S$≈≈ #.S#≈≈#≈.#
≈≈#≈≈# ≈..?≈≈≈ #l≈#≈≈#.≈#
.≈#.≈# ≈≈lF..≈ #÷l##.#≈†#
≈≈#†≈# ≈≈.≈≈≈≈ #F≈≈#.#.≈#
≈≈#≈.# ≈≈≈..≈≈ #@≈∩#≈#.≈#
.≈#.≈## ##≈≈≈#†#≈≈#
≈≈##≈≈# #.≈###.#≈.#
≈≈≈#≈.## ##≈≈#≈≈≈#≈.#
#≈≈#.≈.## ##≈≈≈#≈≈##÷##
#%≈##≈†≈#####≈.≈##≈≈#†.#
#.≈≈#≈≈≈≈≈≈≈≈≈≈≈#≈÷.#.∩#
##..##≈≈≈.≈≈≈.≈##.÷##..#
#†≈.##≈≈≈≈.≈≈##≈≈≈#≈.##


You could see a bullfrog, an adder, 3 leopard geckos and a giant cockroach.

Vanquished Creatures
  Terence (D:2)
  8 adders
  7 oozes (Sewer)
  A worm (D:3)
  2 dart slugs
  13 leopard geckos
  An orc (D:3)
  8 ball pythons
  18 giant cockroaches
  8 hobgoblins
  3 jackals
  2 quokkas (D:3)
  6 bats
  17 frilled lizards
  7 goblins
  9 kobolds
  5 rats
116 creatures vanquished.

Notes
Turn   | Place    | Note
-------+----------+-------------------------------------------
     0 | D:1      | AlphabetPasta the Vampire Ice Elementalist began the quest for the Orb.
     0 | D:1      | Reached XP level 1. HP: 13/13 MP: 3/3
   425 | D:1      | Reached XP level 2. HP: 17/19 MP: 3/5
   429 | D:1      | Learned a level 2 spell: Throw Frost
   936 | D:2      | Reached skill level 1 in Short Blades
  1279 | D:2      | Reached XP level 3. HP: 19/24 MP: 4/6
  1307 | D:2      | Learned a level 3 spell: Ozocubu's Armour
  1565 | D:2      | Noticed Terence
  1637 | D:2      | Killed Terence
  1637 | D:2      | Reached XP level 4. HP: 17/30 MP: 4/8
  2070 | D:3      | Found a glowing golden altar of the Shining One.
  2290 | D:3      | Found a glowing drain.
  2300 | Sewer    | Entered a sewer
  2309 | Sewer    | Reached XP level 5. HP: 33/35 MP: 3/9
  3196 | Sewer    | Slain by a bullfrog

Vault maps used:
D:1:      noname_arrival_rooms_in_the_neighbourhood
D:2:      nicolae_overflow_hidden_temple, first_bread,
          hangedman_abyss_or_decor_stabs, uniq_terence
D:3:      gup_sewer_entry_pipe, nicolae_tso_carved_into_rock
Sewer:    sewer_frog_island_02

Skill      XL: |  1  2  3  4  5 |
---------------+----------------+-----
Short Blades   | 1 2 |  2.1
Ice Magic      | 4 |  4.9
Spellcasting   | 3 |  3.5
Stealth        | 4 |  4.5
Dodging        | |  2.1
Conjurations   | |  0.6

Action                   |  1- 3 |  4- 6 || total
-------------------------+-------+-------++-------
Melee: Unarmed           |    12 |       ||    12
       Bite              |     3 |     2 ||     5
       Dagger            |    18 |    44 ||    62
 Cast: Freeze            |    50 |    96 ||   146
  Use: Scroll            |       |     5 ||     5
       Potion            |       |     2 ||     2
 Stab: Sleeping          |     7 |    18 ||    25
Armor: Robe              |    21 |    36 ||    57
Dodge: Dodged            |    40 |    79 ||   119
